 Dungeon Crawl Stone Soup version 0.26.1-11-gd32895ea62 (webtiles) character file.

Game seed: 1987254385848118227

914410 DildoBatman the Petrodigitator (level 27, -16/153 (213) HPs)
             Began as a Formicid Conjurer on June 26, 2021.
             Was an Initiate of Gozag.
             Demolished by Mynunav the pandemonium lord (26 damage)
             ... on level 15 of a ziggurat on July 1, 2021.
             The game lasted 06:03:21 (68347 turns).

DildoBatman the Petrodigitator (Formicid Conjurer) Turns: 68347, Time: 06:03:22

HP:   -16/153 (213) AC: 37    Str: 14      XL:     27
MP:   3/46          EV: 35    Int: 19 (25) God:    Gozag
Gold: 27351         SH: 32    Dex: 26 (28) Spells: 19/64 levels left

rFire    + + +     SeeInvis +   L - +14 obsidian axe {vorpal, +Fly SInv *Curse} (curse)
rCold    . . .     Faith    .   e - +8 tower shield {AC+3}
rNeg     . . .     Spirit   .   o - +4 troll leather armour
rPois    +         Reflect  .   (helmet unavailable)
rElec    +         Harm     .   E - +2 cloak
rCorr    +         Rampage  +   O - +4 pair of gloves "Vaajoll" {Int+3}
Will     ++...     Clarity  +   F - +2 pair of boots {rampage}
Stlth    +++++.....             g - amulet of the Air {Inacc +Fly rElec EV+5 RMsl}
HPRegen  0.75/turn              m - ring of the Tortoise {AC+8}
MPRegen  0.30/turn              r - ring of Daffodils {rPois rC- EV+4 Int+2 Dex+10}

@: resistant, mesmerised, studying Axes, silenced, very heavily drained, repel
missiles
A: permanent stasis, dig shafts and tunnels, four strong arms, antennae 3,
talons 2, slimy green scales 1, clarity, fire resistance 2, MP-powered wands
}: 5/15 runes: barnacled, silver, golden, abyssal, gossamer
a: Dig, Shaft Self, Renounce Religion, Evoke Flight


You were on level 15 of a ziggurat.
You worshipped Gozag.
Gozag was extremely pleased with you.
You visited 10 branches of the dungeon, and saw 46 of its levels.
You visited the Abyss 1 time.
You visited 1 bazaar.
You visited 2 ziggurats (completing 1), and saw 42 of their levels.
You also visited: Trove, Sewer, Gauntlet, Ice Cave and Volcano.

You collected 44328 gold pieces.
You spent 3929 gold pieces at shops.
You paid 13048 gold pieces to Gozag.

Inventory:

Hand Weapons
 a - the +3 Elemental Staff {rElec rF++ rC++ Will++ AC+5}
   (You took it off a yaktaur captain on level 5 of the Vaults)

   It affects your AC (+5).
   It greatly protects you from fire.
   It greatly protects you from cold.
   It insulates you from electricity.
   It affects your willpower, your defense against some magical effects.
 b - the +6 Majin-Bo {vamp, MP+6 Int+6}
   (You found it on level 3 of the Crypt)

   It inflicts no extra harm, but heals its wielder when it wounds a living foe.
   It affects your intelligence (+6).
   It affects your magic capacity (+6).
 d - the +5 sword of Power {vorpal}
   (You found it on level 6 of a ziggurat)

   It inflicts extra damage upon your enemies.
 L - the cursed +14 obsidian axe (weapon) {vorpal, +Fly SInv *Curse}
   (You found it on level 12 of a ziggurat)

   It inflicts extra damage upon your enemies.
   It lets you see invisible.
   It lets you fly.
   It curses itself when equipped.
   It has a curse placed upon it.
Missiles
 c - 490 sling bullets
 i - 37 javelins
 w - 279 silver javelins (quivered)
 G - 3051 arrows
 J - 19 throwing nets
 V - 2210 bolts
Armour
 e - a +8 tower shield of protection (worn)
 f - the +3 pair of gauntlets of War {Slay+5}
   (You found it on level 5 of a ziggurat)

   It affects your accuracy and damage with ranged weapons and melee attacks
   (+5).
 o - a +4 troll leather armour (worn)
 E - a +2 cloak (worn)
 F - a +2 pair of boots of rampaging (worn)
 O - the +4 pair of gloves "Vaajoll" (worn) {Int+3}
   (You bought it in a shop in a bazaar)

   It affects your intelligence (+3).
Jewellery
 g - the amulet of the Air (around neck) {Inacc +Fly rElec EV+5 RMsl}
   (You found it on level 12 of a ziggurat)

   [amulet of inaccuracy]

   It reduces the accuracy of all your attacks.
   It affects your evasion (+5).
   It insulates you from electricity.
   It lets you fly.
   It protects you from missiles.
 j - the ring of the Mage {Wiz Will++ Int+3}
   (You found it on level 11 of a ziggurat)

   [ring of wizardry]

   It improves your spell success rate.
   It affects your intelligence (+3).
   It affects your willpower, your defense against some magical effects.
 m - the ring of the Tortoise (left hand) {AC+8}
   (You found it on level 20 of a ziggurat)

   [ring of protection]

   It affects your AC (+8).
 r - the ring of Daffodils (right hand) {rPois rC- EV+4 Int+2 Dex+10}
   (You found it in a treasure trove)

   [ring of evasion]

   It affects your evasion (+4).
   It affects your intelligence (+2).
   It affects your dexterity (+10).
   It makes you vulnerable to cold.
   It protects you from poison.
 X - the ring "Orghar" {rN+ SInv}
   (You found it on level 7 of a ziggurat)

   [ring of see invisible]

   It protects you from negative energy.
   It lets you see invisible.
Wands
 p - a wand of disintegration (13)
 H - a wand of iceblast (96)
Scrolls
 k - 8 scrolls of immolation
 l - 2 scrolls of summoning
 s - 5 scrolls of enchant armour
 t - a scroll of magic mapping
 u - 2 scrolls of acquirement
 x - 39 scrolls of remove curse
 z - 48 scrolls of identify
 B - 21 scrolls of fog
 D - 11 scrolls of amnesia
 I - 12 scrolls of holy word
 U - 4 scrolls of torment
Potions
 h - 4 potions of resistance
 n - 8 potions of ambrosia
 C - 9 potions of brilliance
 K - 16 potions of curing
 M - 7 potions of might
 P - 14 potions of mutation
 R - 8 potions of cancellation
 Y - 13 potions of magic
Books
 Z - a manual of Axes
Miscellaneous
 y - a phantom mirror
 A - a lightning rod (inert)
 N - a condenser vane (inert)
 T - a box of beasts


   Skills:
 - Level 16.8 Fighting
 - Level 3.6 Axes
 - Level 10.0 Bows
 * Level 0.1 Throwing
 - Level 16.8 Armour
 - Level 13.5 Dodging
 - Level 10.1 Stealth
 - Level 24.0 Shields
 - Level 19.0 Spellcasting
 - Level 13.5 Conjurations
 - Level 21.0 Necromancy
 - Level 19.0 Transmutations
 - Level 5.0 Fire Magic
 - Level 10.3 Ice Magic
 O Level 27 Air Magic
 O Level 27 Earth Magic
 - Level 4.0 Poison Magic
 - Level 1.2 Evocations


You had 19 spell levels left.
You knew the following spells:

 Your Spells              Type           Power        Failure   Level
a - Borgnjor's Vile Clut  Necr/Erth      41%          0%          5
b - Shatter               Erth           44%          5%          9
c - Tornado               Air            44%          5%          9
d - Necromutation         Tmut/Necr      38%          6%          8
e - Bolt of Magma         Conj/Fire/Erth 33%          1%          5
g - Ozocubu's Armour      Ice            55%          1%          3
h - Dispel Undead         Necr           78%          0%          4
z - Sublimation of Blood  Necr           39%          0%          2

Your spell library contained the following spells:

 Spells                   Type           Power        Failure   Level
 Animate Skeleton         Necr           100%         0%          1
 Beastly Appendage        Tmut           100%         0%          1
 Magic Dart               Conj           100%         0%          1
 Pain                     Necr           100%         0%          1
 Sandblast                Erth           100%         0%          1
 Shock                    Conj/Air       100%         0%          1
 Corpse Rot               Necr/Air       N/A          0%          2
 Passwall                 Tmut/Erth      67%          0%          2
 Poisonous Vapours        Pois/Air       100%         0%          2
 Wereblood                Tmut           74%          0%          2
 Static Discharge         Conj/Air       76%          0%          3
 Stone Arrow              Conj/Erth      100%         0%          3
 Vampiric Draining        Necr           39%          0%          3
 Airstrike                Air            44%          0%          4
 Animate Dead             Necr           39%          0%          4
 Petrify                  Tmut/Erth      81%          0%          4
 Agony                    Necr           78%          0%          5
 Excruciating Wounds      Necr           39%          0%          5
 Lee's Rapid Deconstruct  Erth           44%          0%          5
 Foxfire                  Conj/Fire      100%         1%          1
 Freeze                   Ice            100%         1%          1
 Sting                    Tmut/Pois      100%         1%          1
 Ensorcelled Hibernation  Hex/Ice        74%          1%          2
 Searing Ray              Conj           100%         1%          2
 Conjure Flame            Conj/Fire      52%          1%          3
 Dazzling Flash           Conj/Hex       86%          1%          3
 Frozen Ramparts          Ice            100%         1%          3
 Ignite Poison            Fire/Tmut/Pois 52%          1%          3
 Mephitic Cloud           Conj/Pois/Air  65%          1%          3
 Spider Form              Tmut/Pois      29%          1%          3
 Fulminant Prism          Conj/Hex       21%          1%          4
 Hailstorm                Conj/Ice       59%          1%          4
 Ice Form                 Ice/Tmut       65%          1%          4
 Iskenderun's Mystic Bla  Conj/Tloc      43%          1%          4
 Leda's Liquefaction      Hex/Erth       31%          1%          4
 Sticky Flame             Conj/Fire      52%          1%          4
 Summon Lightning Spire   Summ/Air       62%          1%          4
 Alistair's Intoxication  Tmut/Pois      38%          1%          5
 Blade Hands              Tmut           37%          1%          5
 Fireball                 Conj/Fire      26%          1%          5
 Irradiate                Conj/Tmut      34%          1%          5
 Iskenderun's Battlesphe  Conj           62%          1%          5
 Lightning Bolt           Conj/Air       38%          1%          5
 Silence                  Hex/Air        31%          1%          5
 Yara's Violent Unravell  Hex/Tmut       26%          1%          5
 Conjure Ball Lightning   Conj/Air       38%          1%          6
 Death Channel            Necr           39%          1%          6
 Freezing Cloud           Conj/Ice/Air   35%          1%          6
 Hydra Form               Tmut           37%          1%          6
 Iron Shot                Conj/Erth      38%          1%          6
 Simulacrum               Ice/Necr       33%          1%          6
 Statue Form              Tmut/Erth      54%          1%          6
 Dragon Form              Tmut           37%          1%          7
 Apportation              Tloc           36%          3%          1
 Corona                   Hex            20%          3%          1
 Summon Small Mammal      Summ           72%          3%          1
 Inner Flame              Hex/Fire       27%          3%          3
 Call Imp                 Summ           18%          4%          2
 Slow                     Hex            18%          4%          2
 Summon Ice Beast         Ice/Summ       37%          4%          4
 Eringya's Noxious Bog    Tmut/Pois      29%          4%          6
 Borgnjor's Revivificati  Necr           39%          4%          8
 Infestation              Necr           39%          4%          8
 Olgreb's Toxic Radiance  Pois           33%          6%          4
 Call Canine Familiar     Summ           18%          10%         3
 Confusing Touch          Hex            18%          10%         3
 Gell's Gravitas          Tloc           9%           10%         3
 Lesser Beckoning         Tloc           9%           10%         3
 Portal Projectile        Hex/Tloc       36%          10%         3
 Summon Guardian Golem    Hex/Summ       18%          10%         3
 Teleport Other           Tloc           18%          10%         3
 Tukima's Dance           Hex            18%          10%         3
 Metabolic Englaciation   Hex/Ice        18%          11%         5
 Orb of Destruction       Conj           31%          11%         7
 Starburst                Conj/Fire      26%          12%         6
 Cause Fear               Hex            9%           32%         4
 Passage of Golubria      Tloc           N/A          32%         4
 Haunt                    Necr/Summ      27%          36%         7
 Death's Door             Necr           39%          52%         9
 Summon Demon             Summ           9%           67%         5
 Summon Forest            Summ/Tloc      9%           67%         5
 Summon Mana Viper        Hex/Summ       18%          67%         5
 Spellforged Servitor     Conj/Summ      21%          87%         7
 Dispersal                Tloc           9%           99%         6
 Invisibility             Hex            18%          99%         6
 Shadow Creatures         Summ           N/A          99%         6
 Malign Gateway           Summ/Tloc      9%           100%        7
 Monstrous Menagerie      Summ           9%           100%        7
 Summon Greater Demon     Summ           9%           100%        7
 Summon Hydra             Summ           9%           100%        7
 Discord                  Hex            9%           100%        8
 Disjunction              Tloc           9%           100%        8
 Ignition                 Fire           18%          100%        8
 Summon Horrible Things   Summ           9%           100%        8
 Dragon's Call            Summ           9%           100%        9
 Swiftness                Air            Unusable     N/A         2
 Blink                    Tloc           Unusable     N/A         2

Dungeon Overview and Level Annotations

Branches:
Dungeon (15/15)            Temple (1/1) D:7            Lair (6/6) D:10
 Shoals (4/4) Lair:4       Spider (4/4) Lair:4        Slime (0/5) Lair:5
    Orc (2/2) D:10            Elf (3/3) Orc:2        Vaults (5/5) D:13
  Crypt (3/3) Vaults:3       Tomb (3/3) Crypt:3      Depths (0/5) D:15
  Sewer (visited)           IceCv (visited)         Volcano (visited)
Gauntlet (visited)

Altars:
Ashenzari
Cheibriados
Dithmenos
Elyvilon
Fedhas
Gozag
Hepliaklqana
Kikubaaqudgha
Makhleb
Nemelex Xobeh
Okawaru
Qazlal
Ru
Sif Muna
Trog
Uskayaw
Vehumet
Wu Jian
Xom
Yredelemnul
Zin
The Shining One
Beogh
Jiyva

Shops:
D:14 ([[:(   Orc:2 [!?}   Elf:2 :   Shoals:1 (   Vaults:2 ?   Vaults:3 [
Tomb:3 [[


Innate Abilities, Weirdness & Mutations

You cannot be hasted, slowed, berserked, paralysed or teleported.
You can dig through walls and to a lower floor.
Your four strong arms can wield two-handed weapons with a shield.
You have a pair of large antennae on your head. (SInv)
You have razor-sharp toenails.
You are partially covered in slimy green scales. (AC +2)
You possess an exceptional clarity of mind.
Your flesh is very heat resistant. (rF++)
You expend magic power (3 MP) to strengthen your wands.


Message History

Aim: Wyobbyle (silenced, almost dead, radiating silence, 32% to hit)
You throw a silver javelin.
The silver javelin completely misses Caase.
The silver javelin pierces through Wyobbyle but does no damage.
Wyobbyle is almost dead.
The silver javelin pierces through the Killer Klown.
The silver sears the Killer Klown!
The Killer Klown is lightly wounded.
The silver javelin pierces through the large abomination.
The silver sears the large abomination!
The large abomination is heavily damaged.
You are engulfed in negative energy.
You feel drained. Caase completely misses you. Kikhat gestures at you.
The crystal spear misses you. Caase completely misses you. Mynunav pecks you!!
You die...
Your body crumbles into a pile of gold.

▓........$...
▓(...........
▓............
▓∩...Xp......
▓X4..p$.§○...
▓ptpX........
▓&&p3Qp......
▓&&4T$.......
▓@&&XX..(..$.
▓▓▓▓▓▓▓▓.....
..... ...


You could see Caase (mesmerising, clouds), Kikhat, Mynunav, Puoxaska, Suniutz,
Wyobbyle (silencing), 6 Killer Klowns, an alligator shaped shifter (swift), a
soul eater (summoned), a deep troll shaped shifter, 5 large abominations, 2 rust
devils and a tengu shaped shifter.

Vanquished Creatures
  Mara (Vaults:5)
  15 ancient liches
  6 juggernauts
  20 pandemonium lords
  37 royal mummies
  A shard shrike (Zig:19)
  9 Killer Klowns
  Saint Roka (Crypt:3)
  5 golden dragons
  A profane servitor (Zig:22)
  6 bone dragons
  3 starcursed masses
  Jory (Vaults:5)
  An iron giant (shapeshifter) (Zig:15)
  3 iron giants
  A Tzitzimitl (Zig:26)
  5 Brimstone Fiends
  5 tentacled monstrosities
  2 Ice Fiends
  8 Hell Sentinels
  11 deep elf blademasters
  A quicksilver dragon (Vaults:4)
  11 liches
  3 titans
  An acid blob (Zig:5)
  2 quicksilver dragons (shapeshifter) (Zig:15)
  3 Executioners (Zig:26)
  A kraken (Shoals:4)
  15 deep elf master archers
  Polyphemus (Shoals:2)
  16 ancient champions
  An eldritch tentacle (Zig:15)
  19 sphinxes
  7 tentacled starspawn
  Kirke (D:14)
  Gastronok (Orc:1)
  A shadow dragon (shapeshifter) (Zig:12)
  5 storm dragons
  9 revenants
  Agnes (D:15)
  3 draconian monks
  2 azure jellies (shapeshifter) (Zig:7)
  4 shadow dragons
  Donald (Orc:2)
  4 fire giants
  10 tengu reavers
  A fenstrider witch (Zig:20)
  26 nagarajas
  3 draconian scorchers
  3 iron dragons (Vaults:5)
  A fenstrider witch (shapeshifter) (Zig:12)
  A fire giant (shapeshifter) (Zig:15)
  5 draconian knights
  12 emperor scorpions
  Louise (Elf:2)
  An emperor scorpion (shapeshifter) (Zig:10)
  3 balrugs
  2 frost giants
  15 vault wardens
  4 ghost moths
  12 deep elf sorcerers
  12 orc warlords
  3 caustic shrike zombies (Zig:27)
  A black sun (Zig:6)
  A deep elf elementalist (Zig:25)
  7 juggernaut zombies
  4 corrupters (Zig:26)
  Aizul (Spider:4)
  4 draconian shifters (Zig:13)
  3 cacodemons (Zig:26)
  11 curse skulls
  4 ghouls
  4 warmongers
  10 ironheart preservers
  18 reapers
  12 very ugly things
  5 war gargoyles
  6 draconian annihilators
  A stone giant (shapeshifter) (Zig:15)
  8 blood saints
  23 stone giants
  Nessos (D:14)
  11 vampire knights
  Azrael (Spider:1)
  10 bennus
  4 green draconians
  A minotaur (Gauntlet)
  2 purple draconians (Zig:13)
  2 black draconians (Zig:13)
  A dire elephant (shapeshifter) (Zig:15)
  19 deep elf demonologists
  3 lorocyprocas
  A white draconian (Zig:13)
  The ghost of cykeltillsalu the Warrior, a journeyman FeFE of Vehumet (Spider:1)
  4 entropy weavers
  2 red draconians (Zig:13)
  2 spark wasps (Spider:3)
  3 yellow draconians (Zig:13)
  A dire elephant (Lair:2)
  7 deep elf annihilators
  A bunyip (shapeshifter) (Zig:15)
  6 bunyips
  10 ettins
  17 eidola
  An ettin (shapeshifter) (Zig:13)
  2 eleionomae
  An eleionoma (shapeshifter) (Zig:12)
  13 green deaths
  A crystal guardian (Vaults:4)
  23 merfolk javelineers
  6 blizzard demons
  11 merfolk impalers
  13 deep elf death magi
  Josephine (Lair:4)
  3 fire dragons
  11 jiangshi
  A death ooze (Zig:5)
  14 deep elf high priests
  36 mummy priests
  18 yaktaur captains
  The ghost of TangoThomas the Slinger, a journeyman HaHu of Makhleb (Orc:1)
  13 hydras
  4 great orbs of eyes
  12 ogre magi
  4 shambling mangroves
  2 hell beasts
  2 ghost crabs (Zig:20)
  Erolcha (D:9)
  7 ice dragons
  11 boulder beetles
  6 naga warriors
  A quicksilver dragon skeleton (Tomb:2)
  2 rakshasas
  29 vault guards
  A spriggan air mage (Zig:16)
  3 anacondas (shapeshifter)
  5 merfolk avatars
  Erica (Lair:1)
  An alligator snapping turtle (shapeshifter) (Zig:12)
  A juggernaut simulacrum (Zig:23)
  8 catoblepae
  17 centaur warriors
  8 anacondas
  4 alligator snapping turtles
  38 two-headed ogres
  14 merfolk aquamancers
  4 death knights
  2 alligators (Zig:20)
  A deep troll shaman (Lair:6)
  18 naga sharpshooters
  12 satyrs
  30 death scarabs
  18 death yaks
  20 vampire magi
  Urug (D:10)
  A thrashing horror (Zig:14)
  A tengu warrior (D:11)
  10 orc high priests
  A titan skeleton (Zig:19)
  11 soul eaters
  8 shock serpents
  4 storm dragon zombies
  Nergalle (D:11)
  4 wretched stars
  3 titan zombies
  A sun demon (Zig:14)
  31 deep elf knights
  2 iron trolls (Zig:11)
  5 goliath frogs
  11 large abominations
  A storm dragon skeleton (Zig:27)
  An infernal demonspawn (Zig:26)
  37 skeletal warriors
  9 shadow wraiths
  6 salamander mystics
  A goliath frog (shapeshifter) (Vaults:5)
  2 ghost moth zombies
  7 hell knights
  3 sixfirhies
  8 flayed ghosts
  4 shadow demons
  9 deep trolls
  A sea snake (shapeshifter) (Zig:15)
  22 sea snakes
  4 spriggan druids (Zig:20)
  6 glowing orange brains
  4 golden dragon zombies
  7 wizards
  7 swamp dragons
  5 unseen horrors
  3 shadow dragon zombies
  4 death drakes
  An orange crystal statue (Elf:2)
  4 naga ritualists (Zig:17)
  A swamp dragon (shapeshifter) (Zig:10)
  2 golden dragon skeletons
  An anaconda zombie (Crypt:3)
  3 bog bodies
  27 deep elf archers
  19 phantasmal warriors
  Pikel (D:4)
  75 deep elf magi
  2 anaconda skeletons (Crypt:3)
  4 lindwurms
  36 harpies
  21 ironbrand convokers
  A wolf spider zombie (Crypt:1)
  A will-o-the-wisp (Zig:9)
  13 orb spiders
  3 mana vipers
  24 cyclopes
  A shadow dragon skeleton (Crypt:3)
  18 necromancers
  6 iron dragon zombies
  2 sphinx zombies (Zig:27)
  A frost giant zombie (Zig:10)
  4 oklob plants (Lair:5)
  27 wolf spiders
  3 salamanders
  4 fire giant zombies
  A shining eye (shapeshifter) (Zig:13)
  12 orc knights
  9 orc sorcerers
  6 elephants
  21 manticores
  2 sphinx skeletons
  A faun (shapeshifter) (Zig:13)
  2 shock serpent zombies
  10 moths of wrath
  21 ugly things
  5 centaur zombies
  A water nymph (shapeshifter) (Zig:7)
  20 fauns
  A goliath frog skeleton (Crypt:2)
  A fire giant skeleton (Crypt:3)
  3 spriggan zombies
  33 black mambas
  6 guardian serpents
  A frost giant skeleton (Crypt:3)
  12 rust devils
  18 merfolk sirens
  Maurice (D:13)
  2 ice statues (IceCv)
  A stone giant skeleton (Tomb:3)
  3 molten gargoyles (Volcano)
  4 iron dragon skeletons
  6 apocalypse crabs
  5 gargoyles
  12 naga magi
  13 water nymphs
  20 vault sentinels
  10 cane toads
  4 smoke demons
  2 orange demons
  A cane toad (shapeshifter) (Vaults:5)
  2 torpor snails
  A spriggan skeleton (Zig:19)
  A black draconian zombie (Crypt:3)
  6 komodo dragons
  A rime drake (shapeshifter) (Vaults:4)
  8 hellions
  5 rime drakes
  57 yaktaurs
  A catoblepas zombie (Tomb:1)
  7 demonic crawlers
  2 komodo dragons (shapeshifter)
  13 freezing wraiths
  3 ice devils
  3 efreet
  19 tormentors
  2 kobold demonologists
  17 hellwings
  2 ancient zymes
  62 guardian mummies
  A queen bee (shapeshifter) (Vaults:1)
  2 death yak skeletons (Lair:1)
  16 jumping spiders
  59 merfolk
  12 wind drakes
  A jumping spider (shapeshifter) (Vaults:4)
  6 polar bears
  3 meliai (Spider:4)
  A polar bear (shapeshifter) (Vaults:5)
  A tengu conjurer (D:11)
  15 trolls
  2 hydra zombies
  A hornet (shapeshifter) (Zig:15)
  16 hornets
  2 fire dragon zombies (Crypt:3)
  2 tyrant leeches
  A dream sheep (shapeshifter) (Zig:13)
  9 dream sheep
  A shadow dragon simulacrum (Zig:23)
  An ettin zombie (Tomb:1)
  2 raiju (Abyss:3)
  2 merfolk (shapeshifter)
  23 snapping turtles
  An alligator zombie (Tomb:3)
  5 ice dragon zombies
  11 slime creatures
  A stone giant simulacrum (Tomb:1)
  2 fire giant simulacra
  21 flying skulls
  Sigmund (D:2)
  A meliai zombie (D:14)
  An air elemental (Zig:25)
  A black mamba zombie (Crypt:1)
  18 tarantellas
  An ice dragon skeleton (D:11)
  47 redbacks
  A vampire (D:15)
  46 ushabtiu
  28 water elementals
  6 wyverns
  2 redbacks (shapeshifter)
  2 black mamba skeletons
  4 ynoxinuls
  44 yaks
  12 elf zombies
  14 wraiths
  3 yaks (shapeshifter)
  2 steam dragons (D:9)
  4 basilisks
  9 chaos spawn
  A golden eye (Zig:5)
  14 fire elementals
  8 elf skeletons
  3 hogs (D:15)
  A yaktaur simulacrum (Vaults:3)
  3 vampire mosquitoes (D:14)
  5 neqoxecs
  15 wargs
  An acid dragon (shapeshifter) (D:15)
  4 nagas
  A soldier ant (D:11)
  7 tengu zombies
  2 acid dragons
  A faun zombie (Crypt:1)
  10 water moccasins
  A torturous demonspawn skeleton (Crypt:2)
  A two-headed ogre zombie (Crypt:2)
  5 hell hounds
  22 ice beasts
  4 black bears
  An eye of draining (Zig:5)
  A black bear (shapeshifter) (Vaults:1)
  64 orc warriors
  2 snapping turtle zombies
  9 sky beasts
  2 cane toad skeletons
  An ice dragon simulacrum (Tomb:3)
  A manticore zombie (Crypt:3)
  A swamp dragon zombie (Crypt:3)
  4 phantoms
  A hog zombie (Crypt:2)
  28 wolves
  54 ogres
  15 centaurs
  A snapping turtle skeleton (Crypt:1)
  An elephant zombie (Crypt:2)
  A lindwurm skeleton (Crypt:2)
  A manticore skeleton (D:14)
  4 lemures (D:5)
  6 big kobolds
  A big kobold (shapeshifter) (Zig:12)
  19 bullfrogs
  3 earth elementals
  A cyclops zombie (D:15)
  A warg zombie (Orc:2)
  6 wyvern skeletons
  5 scorpions
  A cyclops skeleton (D:14)
  6 killer bees
  16 wights
  3 howler monkeys (D:7)
  6 tengu skeletons
  A small abomination (Abyss:3)
  4 electric eels
  3 quasits
  2 bullfrog zombies
  5 hounds
  A human zombie (Crypt:1)
  28 orc priests
  7 centaur skeletons
  3 jellies
  8 iron imps
  5 bullfrog skeletons
  30 orc wizards
  4 iguanas
  14 worker ants
  2 acid dragon zombies
  An ogre zombie (Abyss:3)
  A dwarf skeleton (Crypt:1)
  2 hound skeletons
  84 mummies
  A howler monkey zombie (D:13)
  A worker ant zombie (D:11)
  Robin (D:1)
  12 gnolls
  24 adders
  A river rat (Sewer)
  A steam dragon zombie (Crypt:1)
  4 shadow imps
  12 white imps
  2 ufetubi
  10 oozes
  3 adder zombies
  3 orc skeletons
  5 adder skeletons
  A lava snake skeleton (Crypt:1)
  2 worms
  4 dart slugs
  5 leopard geckos
  110 orcs
  5 bats
  A bat skeleton (D:13)
  12 giant cockroaches
  17 goblins
  10 hobgoblins
  9 jackals
  33 kobolds
  4 quokkas
  5 ball pythons
  2 frilled lizards
  A frilled lizard (shapeshifter) (Zig:15)
  A frilled lizard skeleton (Crypt:2)
  2 giant cockroach zombies
  A kobold skeleton (Crypt:3)
  7 orc zombies
  2 quokka zombies
  9 rats
  2 bushes
  3 butterflies (Lair:4)
  A fire vortex (Volcano)
  A plant (Zig:14)
  5 starspawn tentacles
  5 tentacles (Shoals:4)
3479 creatures vanquished.

Vanquished Creatures (others)
  A juggernaut (Zig:18)
  Margery (Vaults:2)
  2 Killer Klowns (Zig:15)
  A Brimstone Fiend (Zig:6)
  Asterion (Elf:1)
  A nagaraja (Zig:8)
  A warmonger (Zig:6)
  A blood saint (Zig:6)
  A stone giant (Zig:18)
  2 deep elf demonologists (Zig:25)
  A blizzard demon (Zig:26)
  39 dancing weapons
  2 deep elf knights
  A harpy (Zig:21)
  A deep elf mage (Elf:1)
  A cyclops (Zig:24)
  An orb spider (Spider:1)
  A salamander (shapeshifter) (Zig:25)
  A yaktaur (Zig:24)
  A golden eye (shapeshifter) (Zig:15)
  An acid dragon (Vaults:1)
  A floating eye (shapeshifter) (Zig:15)
  A hell hound (Zig:27)
  An earth elemental (Volcano)
  A mummy (Tomb:2)
  An orc (Vaults:5)
  2 ball lightnings (Zig:15)
  2 bushes (Elf:1)
  2 foxfires (Zig:9)
  36 fungi
  120 plants
  6 starspawn tentacles
  9 tentacles (Shoals:4)
  10 toadstools (Lair:2)
  17 withered plants
271 creatures vanquished.

Grand Total: 3750 creatures vanquished

Notes
Turn   | Place    | Note
-------+----------+-------------------------------------------
     0 | D:1      | DildoBatman the Formicid Conjurer began the quest for the
                  | Orb.
     0 | D:1      | Reached XP level 1. HP: 13/13 MP: 3/3
   258 | D:1      | Reached XP level 2. HP: 19/19 MP: 1/5
   261 | D:1      | Learned a level 2 spell: Searing Ray
   710 | D:1      | Reached XP level 3. HP: 24/24 MP: 1/6
  1122 | D:2      | Reached XP level 4. HP: 22/30 MP: 7/7
  1175 | D:2      | Reached skill level 5 in Conjurations
  1199 | D:2      | Noticed Sigmund
  1411 | D:2      | Reached XP level 5. HP: 35/35 MP: 3/8
  1599 | D:2      | Noticed Robin
  1976 | D:3      | Found a broken altar of Ashenzari.
  2222 | D:3      | Found a sacrificial altar of Ru.
  2222 | D:3      | Found a glowing silver altar of Zin.
  2223 | D:3      | Found a basalt altar of Yredelemnul.
  2356 | D:3      | Reached XP level 6. HP: 41/41 MP: 6/10
  2698 | D:4      | Got a smelly ring mail
  2710 | D:4      | Identified the cursed +1 ring mail of Pleasant Breezes
                  | {-Cast +Fly rCorr Int+2} (You found it on level 4 of the
                  | Dungeon)
  3183 | D:5      | Entered Level 5 of the Dungeon
  3359 | D:5      | Reached skill level 1 in Fighting
  3359 | D:5      | Reached skill level 1 in Armour
  3383 | D:5      | Noticed Pikel
  3396 | D:5      | Found a glowing drain.
  3430 | D:5      | Reached XP level 7. HP: 48/48 MP: 9/13
  3487 | D:5      | Learned a level 3 spell: Mephitic Cloud
  3491 | D:5      | Learned a level 3 spell: Conjure Flame
  3498 | Sewer    | Entered a sewer
  3894 | Sewer    | Gained mutation: You are frail. (-10% HP) [potion of
                  | mutation]
  3894 | Sewer    | Gained mutation: You evolve. [potion of mutation]
  3908 | Sewer    | Gained mutation: Your body sometimes deteriorates upon
                  | taking damage. [you]
  4439 | D:5      | Reached skill level 1 in Poison Magic
  5197 | D:6      | Reached skill level 1 in Fire Magic
  5226 | D:6      | Reached skill level 1 in Air Magic
  5558 | D:6      | Reached XP level 8. HP: 30/50 MP: 11/14
  5604 | D:6      | Got a masterwork trident
  5605 | D:6      | Identified the +5 trident "Ylirej" {pain, rElec Dex+4 SInv}
                  | (You found it on level 6 of the Dungeon)
  6187 | D:7      | Reached XP level 9. HP: 54/54 MP: 5/15
  6221 | D:7      | Reached skill level 5 in Fire Magic
  6309 | D:7      | Found a staircase to the Ecumenical Temple.
  6330 | Temple   | Entered the Ecumenical Temple
  6371 | Temple   | Lost mutation: You are frail. (-10% HP) [evolution]
  6540 | Temple   | Became a worshipper of Kikubaaqudgha
  6636 | D:7      | Reached skill level 5 in Spellcasting
  6873 | D:7      | Reached * piety under Kikubaaqudgha
  6873 | D:7      | Identified Kikubaaqudgha's Grimoire of Black Rites
                  | (Kikubaaqudgha gifted it to you on level 7 of the Dungeon)
  6873 | D:7      | Received a gift from Kikubaaqudgha
  6897 | D:7      | Learned a level 2 spell: Sublimation of Blood
  6901 | D:7      | Learned a level 3 spell: Vampiric Draining
  7550 | D:8      | Reached skill level 1 in Necromancy
  7700 | D:8      | Got an ancient ring mail
  7718 | D:8      | Identified the +1 ring mail "Xunic" {Int+4} (You found it
                  | on level 8 of the Dungeon)
  7777 | D:8      | Reached XP level 10. HP: 63/71 MP: 9/20
  8314 | D:9      | Noticed Erolcha
  8427 | D:9      | Reached ** piety under Kikubaaqudgha
  8502 | D:9      | Reached skill level 5 in Fighting
  8571 | D:9      | Reached skill level 5 in Armour
  8998 | D:10     | Entered Level 10 of the Dungeon
  9098 | D:10     | Reached skill level 5 in Necromancy
  9198 | D:10     | Reached skill level 1 in Shields
  9236 | D:10     | Found a staircase to the Lair.
  9578 | D:10     | Noticed Urug
  9781 | D:10     | Reached *** piety under Kikubaaqudgha
  9781 | D:10     | Identified Kikubaaqudgha's Almanac of Dark Arts
                  | (Kikubaaqudgha gifted it to you on level 10 of the Dungeon)
  9781 | D:10     | Received a gift from Kikubaaqudgha
  9802 | D:10     | Learned a level 4 spell: Dispel Undead
  9808 | D:10     | Learned a level 5 spell: Borgnjor's Vile Clutch
  9832 | D:10     | Reached skill level 1 in Earth Magic
  9892 | D:10     | Reached XP level 11. HP: 53/79 MP: 11/21
  9964 | D:10     | Found a roughly hewn altar of Beogh.
  9964 | D:10     | Found a staircase to the Orcish Mines.
 10059 | Orc:1    | Entered Level 1 of the Orcish Mines
 10183 | Orc:1    | Noticed Gastronok
 10205 | Orc:1    | Reached skill level 5 in Earth Magic
 10219 | Orc:1    | Killed Gastronok
 10263 | Orc:1    | Found a runed translucent gate.
 10263 | Orc:1    | Found a runed translucent gate.
 10264 | Orc:1    | Noticed a cyclops
 10265 | Orc:1    | Found a runed translucent gate.
 10265 | Orc:1    | Noticed an orc knight
 10266 | Orc:1    | Noticed TangoThomas's ghost (journeyman HaHu)
 10464 | Orc:1    | Gained mutation: You expend magic power (3 MP) to
                  | strengthen your wands. [evolution]
 10615 | Orc:1    | Noticed an orc knight
 10628 | Orc:1    | Killed an orc knight
 10635 | Orc:1    | Reached **** piety under Kikubaaqudgha
 10723 | Orc:1    | Found a roughly hewn altar of Beogh.
 10998 | Orc:2    | Entered Level 2 of the Orcish Mines
 10998 | Orc:2    | Found Pien's Distillery.
 10998 | Orc:2    | Found Sohitais's Armour Shop.
 10998 | Orc:2    | Noticed a cyclops
 10998 | Orc:2    | Noticed a two-headed ogre
 10998 | Orc:2    | Noticed a deep troll
 10998 | Orc:2    | Noticed a two-headed ogre
 10998 | Orc:2    | Noticed a two-headed ogre
 10998 | Orc:2    | Noticed a two-headed ogre
 10998 | Orc:2    | Noticed a two-headed ogre
 10998 | Orc:2    | Noticed a two-headed ogre
 10998 | Orc:2    | Noticed an ogre mage
 10998 | Orc:2    | Noticed a two-headed ogre
 10998 | Orc:2    | Noticed a two-headed ogre
 10998 | Orc:2    | Noticed an ogre mage
 10998 | Orc:2    | Noticed a deep troll
 11000 | Orc:2    | Noticed a cyclops
 11034 | Orc:1    | Killed a cyclops
 11035 | Orc:1    | Reached skill level 10 in Earth Magic
 11126 | Orc:2    | Noticed a two-headed ogre
 11266 | Orc:2    | Noticed an orc high priest
 11279 | Orc:2    | Killed an orc high priest
 11364 | Orc:2    | Killed a two-headed ogre
 11365 | Orc:2    | Reached XP level 12. HP: 86/86 MP: 9/22
 11402 | Orc:2    | Killed a two-headed ogre
 11420 | Orc:2    | Killed an ogre mage
 11433 | Orc:2    | Killed a deep troll
 11440 | Orc:2    | Killed a two-headed ogre
 11578 | Orc:2    | Killed a two-headed ogre
 11605 | Orc:2    | Killed a two-headed ogre
 11652 | Orc:2    | Reached skill level 10 in Necromancy
 11686 | Orc:2    | Killed a two-headed ogre
 11689 | Orc:2    | Killed a two-headed ogre
 11745 | Orc:2    | Killed a deep troll
 11755 | Orc:2    | Reached ***** piety under Kikubaaqudgha
 11882 | Orc:2    | Reached XP level 13. HP: 82/91 MP: 19/23
 12024 | Orc:2    | Found Qiupidaa's Gadget Boutique.
 12033 | Orc:2    | Found Sexzuhab's Magic Scroll Boutique.
 12080 | Orc:2    | Noticed Donald
 12205 | Orc:2    | Killed Donald
 12206 | Orc:2    | Reached skill level 5 in Shields
 12296 | Orc:2    | Bought a scroll of magic mapping for 49 gold pieces
 12371 | Orc:2    | Found a staircase to the Elven Halls.
 12569 | Orc:2    | Found a roughly hewn altar of Beogh.
 12664 | Orc:1    | Killed TangoThomas's ghost
 12683 | Orc:1    | Got a translucent glaive
 12922 | D:11     | Got a brightly glowing mace
 12923 | D:11     | Identified the +5 mace of Instinct {venom, Fragile +Fly
                  | rElec Will++} (You found it on level 11 of the Dungeon)
 12924 | D:11     | Identified the +10 glaive "Ycog Woss" {protect, rElec rF++
                  | MP+9 Stlth-} (You found it on level 1 of the Orcish Mines)
 12985 | D:11     | Got a polished plate armour
 12996 | D:11     | Identified the +1 plate armour of Xoholuf {Int-3 Dex+5}
                  | (You found it on level 11 of the Dungeon)
 13077 | D:11     | Reached ****** piety under Kikubaaqudgha
 13082 | D:11     | Received a gift from Kikubaaqudgha
 13083 | D:11     | Fell from the grace of Kikubaaqudgha
 13195 | Temple   | Became a worshipper of Gozag Ym Sagoz the Greedy
 13280 | D:4      | Killed Pikel
 13361 | D:1      | Killed Robin
 13409 | D:2      | Killed Sigmund
 13488 | D:4      | Gained mutation: You passively map a small area around you.
                  | [evolution]
 14616 | D:9      | Killed Erolcha
 14726 | D:10     | Killed Urug
 14727 | D:10     | Reached XP level 14. HP: 64/100 MP: 12/25
 15022 | D:11     | Noticed Nergalle
 15036 | D:11     | Killed Nergalle
 15339 | D:12     | Identified 2 scrolls of acquirement
 15339 | D:12     | Acquired a book of the Earth
 15485 | D:12     | Found a frozen archway.
 15497 | IceCv    | Entered an ice cave
 15956 | IceCv    | Reached skill level 5 in Dodging
 16021 | IceCv    | Got a clouded jade amulet
 16095 | D:12     | Identified the amulet "Jyuth" {Spirit Will++} (You found it
                  | in an ice cave)
 16929 | D:13     | Found a gate to the Vaults.
 17069 | D:13     | Noticed Maurice
 17077 | D:13     | Killed Maurice
 17487 | D:13     | Got a faintly glowing ring mail
 17498 | D:13     | Identified the +0 ring mail of Restlessness {Harm rPois rF+
                  | Int+4} (You found it on level 13 of the Dungeon)
 17582 | D:13     | Found a portal to a secret trove of treasure.
 17618 | D:13     | Found a blossoming altar of Fedhas.
 17852 | D:13     | Got a pitted mace
 17853 | D:13     | Identified the +3 mace "Zamukut" {vamp, +Inv rN+ Will+
                  | Int-2} (You found it on level 13 of the Dungeon)
 17921 | D:14     | Found Rynidock's Weapon Emporium.
 17930 | D:14     | Found Koigoak's Book Shop.
 17948 | D:14     | Learned a level 6 spell: Statue Form
 17996 | D:14     | Reached skill level 1 in Transmutations
 18018 | D:14     | Reached XP level 15. HP: 102/110 MP: 27/27
 18099 | D:14     | Found Dahaeraj's Antique Armour Emporium.
 18247 | D:14     | Noticed Nessos
 18257 | D:14     | Killed Nessos
 18268 | D:14     | Found Nepro's Antique Armour Emporium.
 18470 | D:14     | Gained mutation: You possess an exceptional clarity of
                  | mind. [evolution]
 18480 | D:14     | Found Macubb's Weapon Boutique.
 18853 | D:15     | Entered Level 15 of the Dungeon
 18858 | D:15     | Noticed Kirke
 18879 | D:15     | Reached skill level 5 in Transmutations
 18975 | D:15     | Noticed Agnes
 18986 | D:15     | Killed Agnes
 19188 | D:15     | Reached skill level 15 in Earth Magic
 19430 | D:15     | Found a staircase to the Depths.
 19440 | D:15     | Lost mutation: You possess an exceptional clarity of mind.
                  | [evolution]
 19723 | Lair:1   | Entered Level 1 of the Lair of Beasts
 19962 | Orc:2    | Was forgiven by Kikubaaqudgha
 20393 | Lair:1   | Noticed Erica
 20400 | Lair:1   | Killed Erica
 20497 | Lair:1   | You fall into a shaft and drop 1 floor!
 20550 | Lair:2   | Got a crude lead ring
 20552 | Lair:2   | Identified the ring "Cifaynk" {Str+2 SInv} (You found it on
                  | level 2 of the Lair of Beasts)
 20983 | Lair:2   | Found the +4 Cigotuvi's embrace {rMiasma *Drain rN+}
 21003 | Lair:2   | Found a runed translucent door.
 22215 | Lair:3   | Reached XP level 16. HP: 116/116 MP: 15/28
 23162 | Lair:4   | Found a white marble altar of Elyvilon.
 23221 | Lair:4   | Found a staircase to the Shoals.
 23405 | Lair:4   | Found a hole to the Spider Nest.
 23467 | Lair:4   | Got a jewelled hunting sling
 23497 | Lair:4   | Noticed Josephine
 23505 | Lair:4   | Killed Josephine
 23819 | Lair:4   | Identified the cursed +2 hunting sling of Unpleasantness
                  | {speed, +Fly rC+ Str+4 Int+3} (You found it on level 4 of
                  | the Lair of Beasts)
 23879 | Lair:5   | Found a dark tunnel.
 23892 | Volcano  | Entered a volcano
 24108 | Lair:5   | Found a gate leading to a gauntlet.
 24110 | Lair:5   | Found a staircase to the Slime Pits.
 24110 | Lair:5   | Found a viscous altar of Jiyva.
 24118 | Gauntlet | Entered a Gauntlet
 24118 | Gauntlet | Found a transporter.
 24118 | Gauntlet | Found a transporter.
 24118 | Gauntlet | Found a runed translucent gate.
 24122 | Gauntlet | Found a runed translucent gate.
 24123 | Gauntlet | Found a runed translucent gate.
 24131 | Gauntlet | Found a transporter.
 24149 | Gauntlet | Found a transporter.
 24149 | Gauntlet | Found a transporter.
 24149 | Gauntlet | Found a transporter.
 24151 | Gauntlet | Found a transporter.
 24151 | Gauntlet | Found a transporter.
 24163 | Gauntlet | Found a transporter.
 24179 | Gauntlet | Found a transporter.
 24189 | Gauntlet | Found a transporter.
 24194 | Gauntlet | Found a transporter.
 24228 | Gauntlet | Found a transporter.
 24240 | Gauntlet | Found a transporter.
 24432 | Gauntlet | Got a steaming lead ring
 24526 | Gauntlet | Got a pair of crude gloves
 24538 | Gauntlet | Identified the +2 pair of gloves of the Stars {rCorr} (You
                  | found it in a Gauntlet)
 24540 | Gauntlet | Identified the ring of Youthful Indiscretion {rC+ rN++
                  | Will+ Int+4} (You found it in a Gauntlet)
 24683 | Lair:5   | Gained mutation: You have sharp toenails. [evolution]
 25028 | D:14     | Killed Kirke
 25714 | Lair:5   | Got an encrusted whip
 25744 | Lair:5   | Identified the +9 whip of Enos {freeze, rF+ Dex+3} (You
                  | found it on level 5 of the Lair of Beasts)
 25897 | Lair:5   | Found a burning altar of Makhleb.
 26025 | Lair:6   | Entered Level 6 of the Lair of Beasts
 26277 | Lair:6   | Reached XP level 17. HP: 99/124 MP: 20/30
 26449 | Lair:6   | Found the +2 hat of the Bear Spirit {Spirit, +Rage rN+
                  | Will++}
 27274 | Orc:2    | Bought a scroll of identify for 28 gold pieces
 27274 | Orc:2    | Bought a scroll of identify for 28 gold pieces
 27274 | Orc:2    | Bought a scroll of identify for 28 gold pieces
 27274 | Orc:2    | Bought a scroll of identify for 28 gold pieces
 27274 | Orc:2    | Bought a scroll of identify for 28 gold pieces
 27280 | Orc:2    | Bought a potion of brilliance for 60 gold pieces
 27280 | Orc:2    | Bought a potion of curing for 45 gold pieces
 27280 | Orc:2    | Bought a potion of brilliance for 60 gold pieces
 27280 | Orc:2    | Bought a potion of brilliance for 60 gold pieces
 27280 | Orc:2    | Bought a potion of curing for 45 gold pieces
 27280 | Orc:2    | Bought a potion of curing for 45 gold pieces
 27286 | Orc:2    | Bought a wand of acid (7) for 308 gold pieces
 27428 | D:14     | Bought a manual of Spellcasting for 1214 gold pieces
 27434 | D:14     | Learned a level 5 spell: Bolt of Magma
 27720 | Shoals:1 | Entered Level 1 of the Shoals
 27733 | Lair:4   | Reached skill level 10 in Spellcasting
 28031 | Shoals:1 | Found Teoqirphass's Antique Weapon Emporium.
 28040 | Shoals:1 | Bought a steaming flail for 204 gold pieces
 28040 | Shoals:1 | Identified the +8 flail of the Jumping Hero {drain, +Blink
                  | +Fly rF- rC+++} (You bought it in a shop on level 1 of the
                  | Shoals)
 28575 | Shoals:2 | Reached skill level 10 in Fighting
 28587 | Shoals:2 | Reached skill level 10 in Armour
 29021 | Shoals:2 | Reached XP level 18. HP: 134/134 MP: 32/35
 29120 | Shoals:2 | You fall into a shaft and drop 1 floor!
 29179 | Shoals:2 | Got a bound silver amulet
 29404 | Shoals:2 | Noticed Polyphemus
 29416 | Shoals:2 | Killed Polyphemus
 29972 | Shoals:3 | Reached skill level 15 in Spellcasting
 30896 | Shoals:4 | Entered Level 4 of the Shoals
 30959 | Shoals:4 | Noticed a kraken
 31049 | Shoals:4 | Killed a kraken
 31050 | Shoals:4 | Gained mutation: You are partially covered in slimy green
                  | scales. (AC +2) [evolution]
 31050 | Shoals:4 | Lost mutation: You evolve. [end of evolution]
 31054 | Shoals:4 | Got a barnacled rune of Zot
 31398 | Shoals:4 | Identified the Handbook of Transmutation and Poison
 31804 | Shoals:4 | Got a wavering wooden ring
 31815 | Shoals:4 | Identified the amulet of Edeidutz {Inacc Dex+2 SInv} (You
                  | found it on level 2 of the Shoals)
 31816 | Shoals:4 | Identified the ring "Umpulea" {rF+ rC+} (You found it on
                  | level 4 of the Shoals)
 31871 | Shoals:4 | Lost mutation: You passively map a small area around you.
                  | [potion of mutation]
 31871 | Shoals:4 | Gained mutation: Scrolls take you a little longer to read.
                  | [potion of mutation]
 31871 | Shoals:4 | Gained mutation: Your flesh is heat resistant. (rF+)
                  | [potion of mutation]
 31871 | Shoals:4 | Gained mutation: You possess an exceptional clarity of
                  | mind. [potion of mutation]
 31871 | Shoals:4 | Gained mutation: You are strong-willed. (Will+) [potion of
                  | mutation]
 32454 | Spider:1 | Entered Level 1 of the Spider Nest
 32714 | Spider:1 | Noticed Azrael
 32722 | Spider:1 | Killed Azrael
 32723 | Spider:1 | Reached XP level 19. HP: 138/140 MP: 37/39
 33005 | Spider:1 | Found a runed translucent gate.
 33005 | Spider:1 | Found a runed translucent gate.
 33009 | Spider:1 | Noticed cykeltillsalu's ghost (journeyman FeFE)
 33010 | Spider:1 | Found a runed translucent gate.
 33031 | Spider:1 | Killed cykeltillsalu's ghost
 33032 | Spider:1 | Reached skill level 15 in Necromancy
 36000 | Spider:4 | Entered Level 4 of the Spider Nest
 36692 | Spider:4 | Got a gossamer rune of Zot
 36871 | Spider:4 | Noticed Aizul
 36895 | Spider:4 | Reached XP level 20. HP: 147/147 MP: 2/40
 36901 | Spider:4 | Killed Aizul
 37586 | Vaults:1 | Entered Level 1 of the Vaults
 39135 | Vaults:2 | Noticed Margery
 39145 | Vaults:2 | Killed Margery
 39146 | Vaults:2 | Reached skill level 10 in Transmutations
 39233 | Vaults:2 | Noticed an Ice Fiend
 39234 | Vaults:2 | Reached XP level 21. HP: 134/153 MP: 32/41
 39702 | Vaults:2 | Got a steaming robe
 39838 | Vaults:2 | Found Howewnur's Magic Scroll Emporium.
 39846 | Vaults:2 | Bought a scroll of identify for 26 gold pieces
 39846 | Vaults:2 | Bought a scroll of identify for 26 gold pieces
 39846 | Vaults:2 | Bought a scroll of enchant armour for 97 gold pieces
 41047 | Vaults:3 | Reached skill level 10 in Shields
 41185 | Vaults:3 | Reached skill level 15 in Transmutations
 41208 | Vaults:3 | Found the +8 glaive of the Guard {elec, spectral, AC+5}
 41432 | Vaults:3 | Found Bucsoruhe's Antique Armour Shop.
 41595 | Vaults:3 | Reached XP level 22. HP: 146/159 MP: 37/42
 41744 | Vaults:3 | Found a staircase to the Crypt.
 42080 | Vaults:3 | Identified the +0 robe "Qeneboegg" {Dex+3} (You found it on
                  | level 2 of the Vaults)
 42453 | Vaults:4 | Reached skill level 15 in Shields
 43537 | D:10     | Learned a level 8 spell: Necromutation
 43629 | Elf:1    | Entered Level 1 of the Elven Halls
 43651 | Elf:1    | Found a flickering gateway to a bazaar.
 43669 | Bazaar   | Entered a bazaar
 43689 | Bazaar   | Found Hunuf's Armour Shoppe.
 43694 | Bazaar   | Bought the +4 pair of gloves "Vaajoll" {Int+3} for 340 gold
                  | pieces
 43694 | Bazaar   | Bought the +2 robe of Vines {NoPotionHeal Regen+7} for 720
                  | gold pieces
 43694 | Bazaar   | Found the +2 robe of Vines {NoPotionHeal Regen+7}
 43715 | Bazaar   | Found Wutuph's Armour Shoppe.
 43731 | Bazaar   | Found Ifeir's Weapon Emporium.
 43747 | Bazaar   | Found Xeownaism's Jewellery Emporium.
 43747 | Bazaar   | Found Rixil's General Store.
 43752 | Bazaar   | Bought a scroll of identify for 20 gold pieces
 43752 | Bazaar   | Bought a potion of brilliance for 40 gold pieces
 43752 | Bazaar   | Bought a potion of curing for 30 gold pieces
 43758 | Bazaar   | Bought the macabre finger necklace {rN+} for 400 gold
                  | pieces
 43758 | Bazaar   | Found the macabre finger necklace {rN+}
 43814 | Elf:1    | Noticed Asterion
 43830 | Elf:1    | Killed Asterion
 44127 | Elf:1    | Reached XP level 23. HP: 147/165 MP: 33/43
 44405 | Elf:1    | Identified the ring "Xuaffas" {rPois rCorr Dex+4 SInv
                  | Stlth+}
 45069 | Elf:2    | Found a runed translucent door.
 45093 | Elf:2    | Found a runed translucent door.
 45133 | Elf:2    | Found Jageocrent's Book Shoppe.
 45154 | Elf:2    | Noticed Louise
 45167 | Elf:2    | Killed Louise
 45829 | Elf:3    | Entered Level 3 of the Elven Halls
 46593 | Elf:3    | Identified the +10 scimitar of Reapportionment {vorpal,
                  | Will+ Str-5 Int+2}
 46700 | Elf:3    | Found the +8 storm bow {elec, penet}
 46714 | Elf:3    | Got a translucent scale mail
 46720 | Elf:3    | Got a brightly glowing hunting sling
 46784 | Elf:3    | Identified the cursed +2 hunting sling of Ukhluask {freeze,
                  | *Slow rC++ Int+2 SInv} (You found it on level 3 of the
                  | Elven Halls)
 46795 | Elf:3    | Identified the +3 scale mail "Geomaroa" {Int+2} (You found
                  | it on level 3 of the Elven Halls)
 46838 | Elf:3    | Identified the +5 hand axe "Murmur" {venom, *Contam rElec
                  | MP+9}
 46844 | Elf:3    | Identified the +7 scythe of Fedhas's Outrage {vorpal,
                  | Str+3}
 46848 | Elf:3    | Identified the +6 mace "Qathidi" {flame, rC+ Will++ Dex+4}
 46852 | Elf:3    | Reached XP level 24. HP: 111/174 MP: 5/43
 46906 | Elf:3    | Got a transparent shortbow
 46907 | Elf:3    | Identified the +7 shortbow "Axzekhouxe" {freeze, Will+
                  | Str+2 Dex+3} (You found it on level 3 of the Elven Halls)
 47458 | Crypt:1  | Entered Level 1 of the Crypt
 48346 | Crypt:1  | Noticed a royal mummy
 48351 | Crypt:1  | Killed a royal mummy
 49389 | Crypt:3  | Entered Level 3 of the Crypt
 49603 | Crypt:3  | Noticed Saint Roka
 49618 | Crypt:3  | Killed Saint Roka
 49946 | Crypt:3  | Found a staircase to the Tomb.
 50110 | Crypt:3  | Found an ancient bone altar of Kikubaaqudgha.
 50428 | Crypt:3  | Reached XP level 25. HP: 184/184 MP: 38/44
 50523 | Crypt:3  | Found the +6 Majin-Bo {vamp, MP+6 Int+6}
 50525 | Crypt:3  | Noticed an ancient lich
 50542 | Crypt:3  | Killed an ancient lich
 50844 | Crypt:3  | Got a smoking ivory amulet
 50855 | Crypt:3  | Identified the amulet of the Cast Vote {Acrobat rN+} (You
                  | found it on level 3 of the Crypt)
 51437 | Tomb:1   | Entered Level 1 of the Tomb of the Ancients
 51551 | Tomb:1   | Reached skill level 10 in Dodging
 52113 | Tomb:1   | Noticed a royal mummy
 52121 | Tomb:1   | Killed a royal mummy
 52128 | Tomb:1   | Noticed an ancient lich
 52145 | Tomb:1   | Killed an ancient lich
 52635 | Tomb:1   | Got a pitted hand axe
 52797 | Tomb:1   | Identified the +2 hand axe "Goud" {vorpal, rPois Str+4}
                  | (You found it on level 1 of the Tomb of the Ancients)
 52811 | Tomb:1   | Learned a level 9 spell: Shatter
 52875 | Tomb:1   | Noticed a royal mummy
 52884 | Tomb:1   | Killed a royal mummy
 52991 | Tomb:1   | Noticed a royal mummy
 53013 | Tomb:1   | Killed a royal mummy
 53013 | Tomb:1   | Noticed a royal mummy
 53026 | Tomb:1   | Killed a royal mummy
 53060 | Tomb:1   | Noticed a royal mummy
 53076 | Tomb:1   | Noticed a royal mummy
 53082 | Tomb:1   | Killed a royal mummy
 53083 | Tomb:1   | Reached XP level 26. HP: 113/191 MP: 25/44
 53084 | Tomb:1   | Killed a royal mummy
 53288 | Tomb:1   | Noticed a royal mummy
 53295 | Tomb:1   | Killed a royal mummy
 53330 | Tomb:1   | Noticed a royal mummy
 53339 | Tomb:1   | Noticed a royal mummy
 53342 | Tomb:1   | Killed a royal mummy
 53344 | Tomb:1   | Noticed a royal mummy
 53350 | Tomb:1   | Killed a royal mummy
 53351 | Tomb:1   | Noticed a royal mummy
 53461 | Tomb:1   | Killed a royal mummy
 53505 | Tomb:1   | Noticed a royal mummy
 53508 | Tomb:1   | Killed a royal mummy
 53519 | Tomb:1   | Killed a royal mummy
 53567 | Tomb:1   | Noticed a royal mummy
 53574 | Tomb:1   | Noticed a royal mummy
 53575 | Tomb:1   | Killed a royal mummy
 53584 | Tomb:1   | Killed a royal mummy
 54054 | Vaults:5 | Entered Level 5 of the Vaults
 54060 | Vaults:5 | Noticed Mara
 54062 | Vaults:5 | Noticed DildoBatman's illusion
 54063 | Vaults:5 | Killed Mara
 54140 | Vaults:5 | Reached XP level 27. HP: 197/197 MP: 25/44
 54649 | Vaults:5 | Reached skill level 27 in Earth Magic
 54698 | Vaults:5 | Got a transparent hunting sling
 54740 | Vaults:5 | Noticed an ancient lich
 54745 | Vaults:5 | Killed an ancient lich
 54820 | Vaults:5 | Identified the ring of Bohelipe {+Fly rN+}
 54869 | Vaults:5 | Noticed Jory
 54877 | Vaults:5 | Killed Jory
 54883 | Vaults:5 | Got a pair of brightly glowing boots
 55149 | Vaults:5 | Got a silver rune of Zot
 55723 | Vaults:5 | Got a pitted war axe
 55836 | Vaults:5 | Identified Heyl's Tome of Bewitching Intoxication
 55851 | Vaults:5 | Got a masterwork scale mail
 56140 | Tomb:1   | Identified the +3 war axe of Makhleb's Favour {venom,
                  | Dex+5} (You found it on level 5 of the Vaults)
 56143 | Tomb:1   | Identified the +9 hunting sling of Responsibility {freeze,
                  | Str+2 Stlth+} (You found it on level 5 of the Vaults)
 56156 | Tomb:1   | Identified the +8 scale mail "Dazofran" {Str+2 Int+4} (You
                  | found it on level 5 of the Vaults)
 56182 | Tomb:1   | Identified the +1 pair of boots of Sin {rF+++ rCorr Str-5
                  | Dex-3} (You found it on level 5 of the Vaults)
 56879 | D:13     | You paid a toll of a +4 demon blade to enter a treasure
                  | trove
 56880 | Trove    | Entered a treasure trove
 56893 | Trove    | Got a vibrating steel ring
 56902 | Trove    | Got a fine amber ring
 56909 | Trove    | Got a faintly glowing flail
 56954 | D:13     | Identified the cursed +1 flail of the Foremost Invaders
                  | {speed, *Drain +Blink +Inv rF+} (You found it in a treasure
                  | trove)
 56961 | D:13     | Identified the ring "Ucrybipn" {+Blink rElec rPois} (You
                  | found it in a treasure trove)
 56965 | D:13     | Identified the ring of Daffodils {rPois rC- EV+4 Int+2
                  | Dex+10} (You found it in a treasure trove)
 57341 | Tomb:1   | Acquired a +0 tower shield of protection
 57347 | Tomb:1   | Acquired 999 gold pieces
 57349 | Tomb:1   | Acquired the ring "Rowizatz" {EV+4 Int+3 Stlth+}
 57384 | Tomb:1   | Lost mutation: Scrolls take you a little longer to read.
                  | [potion of mutation]
 57384 | Tomb:1   | Lost mutation: Your body sometimes deteriorates upon taking
                  | damage. [potion of mutation]
 57384 | Tomb:1   | Lost mutation: You are strong-willed. (Will+) [potion of
                  | mutation]
 57384 | Tomb:1   | Gained mutation: You have razor-sharp toenails. [potion of
                  | mutation]
 57384 | Tomb:1   | Gained mutation: Your flesh is very heat resistant. (rF++)
                  | [potion of mutation]
 57752 | Tomb:2   | Noticed a royal mummy
 57752 | Tomb:2   | Noticed a royal mummy
 57752 | Tomb:2   | Noticed a royal mummy
 57753 | Tomb:2   | Noticed a royal mummy
 57760 | Tomb:2   | Noticed a royal mummy
 57763 | Tomb:2   | Killed a royal mummy
 57763 | Tomb:2   | Killed a royal mummy
 57767 | Tomb:2   | Killed a royal mummy
 57767 | Tomb:2   | Killed a royal mummy
 57770 | Tomb:2   | Killed a royal mummy
 58329 | Tomb:3   | Entered Level 3 of the Tomb of the Ancients
 58349 | Tomb:3   | Noticed a royal mummy
 58359 | Tomb:3   | Noticed a royal mummy
 58370 | Tomb:3   | Killed a royal mummy
 58371 | Tomb:3   | Killed a royal mummy
 58371 | Tomb:3   | Noticed a royal mummy
 58380 | Tomb:3   | Reached skill level 1 in Bows
 58389 | Tomb:3   | Killed a royal mummy
 58408 | Tomb:3   | Noticed a royal mummy
 58418 | Tomb:3   | Killed a royal mummy
 58444 | Tomb:3   | Noticed a royal mummy
 58454 | Tomb:3   | Killed a royal mummy
 58575 | Tomb:3   | Noticed a royal mummy
 58583 | Tomb:3   | Killed a royal mummy
 58584 | Tomb:3   | Reached skill level 5 in Bows
 58587 | Tomb:3   | Noticed a royal mummy
 58587 | Tomb:3   | Noticed a royal mummy
 58611 | Tomb:3   | Killed a royal mummy
 58620 | Tomb:3   | Killed a royal mummy
 58753 | Tomb:3   | Identified the Handbook of Poison
 58781 | Tomb:3   | Got a brightly glowing war axe
 58931 | Tomb:3   | Identified Buvvic's Compendium of Toxic Sinister Rituals
 58952 | Tomb:3   | Got a faintly glowing tin ring
 58969 | Tomb:3   | Identified Kerovimi's Collected Works on Spatial Beguiling
 58985 | Tomb:3   | Identified the ring of Conformity {MP+9 Str+3} (You found
                  | it on level 3 of the Tomb of the Ancients)
 59075 | Tomb:3   | Got a pair of masterwork gloves
 59133 | Tomb:3   | Got a golden rune of Zot
 59180 | Tomb:3   | Got a smoking bardiche
 59182 | Tomb:3   | Identified the +3 bardiche of Rotation {freeze, Int+4} (You
                  | found it on level 3 of the Tomb of the Ancients)
 59186 | Tomb:3   | Got a fading flail
 59187 | Tomb:3   | Identified the +11 flail of Skirmishing {drain, rF+ Stlth+}
                  | (You found it on level 3 of the Tomb of the Ancients)
 59193 | Tomb:3   | Got a smoking morningstar
 59194 | Tomb:3   | Identified the cursed +2 morningstar "Hiywucli" {vamp, rF++
                  | Str+4 Int-2} (You found it on level 3 of the Tomb of the
                  | Ancients)
 59204 | Tomb:3   | Got a spiked leather armour
 59215 | Tomb:3   | Identified the +7 leather armour "Myqor Ycs" {*Slow rPois
                  | Str+8} (You found it on level 3 of the Tomb of the
                  | Ancients)
 59236 | Tomb:3   | Identified the +0 pair of gloves "Weutie" {Will++ Dex-3}
                  | (You found it on level 3 of the Tomb of the Ancients)
 59247 | Tomb:3   | Identified the +9 war axe "Ladilig" {flame, Int+2} (You
                  | found it on level 3 of the Tomb of the Ancients)
 59672 | Zig:1    | Entered Level 1 of a ziggurat
 59689 | Zig:2    | Entered Level 2 of a ziggurat
 59716 | Zig:3    | Entered Level 3 of a ziggurat
 59750 | Zig:4    | Entered Level 4 of a ziggurat
 59753 | Zig:4    | Noticed Uchumem the pandemonium lord
 59771 | Zig:4    | Killed Uchumem the pandemonium lord
 59784 | Zig:4    | Identified the Reference Book on Flight
 59808 | Zig:5    | Entered Level 5 of a ziggurat
 59814 | Zig:5    | Found the +0 mask of the Dragon {Will+ Slay+3 SInv}
 59905 | Zig:6    | Entered Level 6 of a ziggurat
 59910 | Zig:6    | Noticed Haboj the pandemonium lord
 59919 | Zig:6    | Killed Haboj the pandemonium lord
 59971 | Zig:7    | Entered Level 7 of a ziggurat
 59977 | Zig:7    | Noticed a Killer Klown
 59977 | Zig:7    | Noticed a Killer Klown
 59978 | Zig:7    | Noticed a Killer Klown
 59983 | Zig:7    | Killed a Killer Klown
 59983 | Zig:7    | Killed a Killer Klown
 59986 | Zig:7    | Killed a Killer Klown
 59997 | Zig:7    | Identified the Reference Book on Blistering Weightlessness
 60012 | Zig:7    | Got a scorched brass ring
 60031 | Zig:7    | Got a glimmering quarterstaff
 60067 | Zig:8    | Entered Level 8 of a ziggurat
 60075 | Zig:8    | Noticed Hemiach the pandemonium lord
 60088 | Zig:8    | Killed Hemiach the pandemonium lord
 60104 | Zig:8    | Identified the Reference Book on Creative Black Rites
 60132 | Zig:8    | Identified the +3 quarterstaff "Bon Wiaf" {spect, Str+4}
                  | (You found it on level 7 of a ziggurat)
 60153 | Zig:8    | Identified the ring "Vedatson" {rElec rC+ Str+3 Stlth-}
                  | (You found it on level 7 of a ziggurat)
 60160 | Zig:8    | Got a steaming glaive
 60161 | Zig:8    | Identified the +5 glaive "Emoheyxu" {speed, rN+++ Str-2
                  | Dex+10 Stlth-} (You found it on level 8 of a ziggurat)
 60212 | Zig:9    | Entered Level 9 of a ziggurat
 60344 | Zig:10   | Entered Level 10 of a ziggurat
 60379 | Zig:10   | Reached skill level 10 in Conjurations
 60494 | Zig:11   | Entered Level 11 of a ziggurat
 60533 | Zig:11   | Found the ring of Shadows {Umbra +Inv Stlth+}
 60600 | Zig:11   | Got an ancient rapier
 60601 | Zig:11   | Identified the cursed +3 rapier of War {vorpal, Int+2} (You
                  | found it on level 11 of a ziggurat)
 60607 | Zig:12   | Entered Level 12 of a ziggurat
 60618 | Zig:12   | Noticed a Killer Klown
 60618 | Zig:12   | Noticed a Killer Klown
 60618 | Zig:12   | Noticed Umimoa the pandemonium lord
 60618 | Zig:12   | Noticed Meil Tuf the pandemonium lord
 60639 | Zig:12   | Killed a Killer Klown
 60646 | Zig:12   | Killed a Killer Klown
 60665 | Zig:12   | Noticed Jynu the pandemonium lord
 60677 | Zig:12   | Killed Jynu the pandemonium lord
 60678 | Zig:12   | Noticed Diko Mys the pandemonium lord
 60687 | Zig:12   | Reached skill level 10 in Bows
 60691 | Zig:12   | Killed Umimoa the pandemonium lord
 60692 | Zig:12   | Killed Meil Tuf the pandemonium lord
 60701 | Zig:12   | Killed Diko Mys the pandemonium lord
 60747 | Zig:12   | Found the amulet of the Air {Inacc +Fly rElec EV+5 RMsl}
 60786 | Zig:12   | Got a warped short sword
 60796 | Zig:12   | Identified the +8 short sword "Ygaaq" {flame, rPois rF+
                  | Dex+2} (You found it on level 12 of a ziggurat)
 60824 | Zig:12   | Learned a level 3 spell: Ozocubu's Armour
 60826 | Zig:13   | Entered Level 13 of a ziggurat
 60837 | Zig:13   | Reached skill level 1 in Ice Magic
 60980 | Zig:14   | Entered Level 14 of a ziggurat
 61136 | Zig:15   | Entered Level 15 of a ziggurat
 61144 | Zig:15   | Noticed a Killer Klown
 61144 | Zig:15   | Noticed a Killer Klown
 61147 | Zig:15   | Noticed Umopat the pandemonium lord
 61147 | Zig:15   | Noticed Akainu Meog the pandemonium lord
 61159 | Zig:15   | Noticed Soplerips the pandemonium lord
 61160 | Zig:15   | Noticed a Killer Klown
 61163 | Zig:15   | Noticed Ynomoatec the pandemonium lord
 61166 | Zig:15   | Noticed Dothaz the pandemonium lord
 61167 | Zig:15   | Noticed Eroch the pandemonium lord
 61167 | Zig:15   | Killed Akainu Meog the pandemonium lord
 61167 | Zig:15   | Killed a Killer Klown
 61175 | Zig:15   | Killed Dothaz the pandemonium lord
 61175 | Zig:15   | Killed a Killer Klown
 61176 | Zig:15   | Killed Ynomoatec the pandemonium lord
 61182 | Zig:15   | Killed a Killer Klown
 61182 | Zig:15   | Noticed Orhesah the pandemonium lord
 61183 | Zig:15   | Killed Soplerips the pandemonium lord
 61183 | Zig:15   | Killed Umopat the pandemonium lord
 61184 | Zig:15   | Reached skill level 5 in Ice Magic
 61187 | Zig:15   | Killed Eroch the pandemonium lord
 61195 | Zig:15   | Killed Orhesah the pandemonium lord
 61277 | Zig:15   | Found the +0 staff of Battle
 61296 | Zig:15   | Identified the Reference Book on Enchantment and
                  | Weightlessness
 61320 | Zig:15   | Got an ichor-stained great mace
 61322 | Zig:15   | Identified the cursed +2 great mace of Migun {pain, rElec
                  | rPois rC++} (You found it on level 15 of a ziggurat)
 61326 | Zig:15   | Got a pair of glimmering boots
 61340 | Zig:15   | Identified the -2 pair of boots of the Endless Expanse
                  | {Rampage} (You found it on level 15 of a ziggurat)
 61382 | Zig:16   | Entered Level 16 of a ziggurat
 61384 | Zig:16   | Noticed an ancient lich
 61398 | Zig:16   | Killed an ancient lich
 61400 | Zig:16   | Found the +9 sword of Zonguldrok {reap}
 61529 | Zig:16   | Got a pair of crude gloves
 61542 | Zig:16   | Identified the +0 pair of gloves of the Shore {+Inv rN+
                  | Str+3} (You found it on level 16 of a ziggurat)
 61579 | Zig:17   | Entered Level 17 of a ziggurat
 61691 | Zig:17   | Identified the Volume of Attacks and the Voyage
 61695 | Zig:17   | Identified Daud's Reference Book on the Mutagenic Mountains
 61697 | Zig:17   | Identified Cudosiora's Catalogue of Malediction
 61721 | Zig:17   | Acquired 245 gold pieces
 61723 | Zig:17   | Reached skill level 15 in Fighting
 61723 | Zig:17   | Reached skill level 15 in Armour
 61724 | Zig:17   | Reached skill level 10 in Ice Magic
 61724 | Zig:17   | Reached skill level 5 in Air Magic
 61733 | Zig:17   | Got a flickering tin ring
 61759 | Zig:17   | Identified the ring "Asuq" {Int+3 Stlth+} (You found it on
                  | level 17 of a ziggurat)
 61782 | Zig:18   | Entered Level 18 of a ziggurat
 61793 | Zig:18   | Noticed a juggernaut
 61809 | Zig:18   | Noticed a juggernaut
 61810 | Zig:18   | Noticed a juggernaut
 61813 | Zig:18   | Killed a juggernaut
 61819 | Zig:18   | Killed a juggernaut
 61822 | Zig:18   | Killed a juggernaut
 61830 | Zig:18   | Noticed a juggernaut
 61834 | Zig:18   | Noticed a juggernaut
 61843 | Zig:18   | Killed a juggernaut
 61843 | Zig:18   | Killed a juggernaut
 61873 | Zig:18   | Reached skill level 10 in Air Magic
 61881 | Zig:18   | Noticed a juggernaut
 61908 | Zig:18   | Killed a juggernaut
 61998 | Zig:18   | Found the +3 warlock's mirror {reflect}
 62019 | Zig:18   | Got a glittering golden ring
 62021 | Zig:18   | Got a translucent pewter ring
 62053 | Zig:18   | Identified the ring of the Quahog {rPois Str+6 Dex+7} (You
                  | found it on level 18 of a ziggurat)
 62055 | Zig:18   | Identified the ring of Xom's Entertainment {Fire rN+} (You
                  | found it on level 18 of a ziggurat)
 62084 | Zig:19   | Entered Level 19 of a ziggurat
 62099 | Zig:19   | Noticed a shard shrike
 62100 | Zig:19   | Noticed an ancient lich
 62105 | Zig:19   | Killed a shard shrike
 62105 | Zig:19   | Killed an ancient lich
 62209 | Zig:19   | Identified the Grimoire of Scorching Evil Secrets
 62212 | Zig:19   | Got a pitted silver amulet
 62214 | Zig:19   | Identified the Collected Works on Companions and
                  | Malediction
 62263 | Zig:20   | Entered Level 20 of a ziggurat
 62310 | Zig:20   | Found the +7 pair of quick blades "Gyre" and "Gimble"
                  | {protect}
 62311 | Zig:20   | Found the ring of the Tortoise {AC+8}
 62354 | Zig:20   | Identified the Reference Book on Dislocation
 62361 | Zig:20   | Got a sparkling steel amulet
 62462 | Zig:20   | Identified the amulet "Junlut" {Reflect *Drain rN+ Dex+3
                  | SH+5} (You found it on level 19 of a ziggurat)
 62468 | Zig:20   | Identified the amulet of Ychizuuf {Faith Will+} (You found
                  | it on level 20 of a ziggurat)
 62484 | Zig:20   | Learned a level 9 spell: Tornado
 62491 | Zig:21   | Entered Level 21 of a ziggurat
 62512 | Zig:21   | Reached skill level 15 in Air Magic
 62564 | Zig:21   | Found the +5 robe of Misfortune {*Contam Harm *Corrode
                  | *Drain *Slow EV+5}
 62656 | Zig:21   | Identified the Compendium of Arcane Weapons and Poison
 62671 | Zig:21   | Identified Haodgheo's Tome of Transmutation and Dislocation
 62682 | Zig:21   | Identified the Papyrus of Displaced Execration
 62739 | Zig:22   | Entered Level 22 of a ziggurat
 62759 | Zig:22   | Noticed an ancient lich
 62766 | Zig:22   | Killed an ancient lich
 62770 | Zig:22   | Noticed an ancient lich
 62801 | Zig:22   | Killed an ancient lich
 63040 | Zig:23   | Entered Level 23 of a ziggurat
 63051 | Zig:23   | Noticed a royal mummy
 63055 | Zig:23   | Noticed a royal mummy
 63056 | Zig:23   | Noticed a royal mummy
 63056 | Zig:23   | Noticed a royal mummy
 63057 | Zig:23   | Noticed a royal mummy
 63058 | Zig:23   | Noticed a royal mummy
 63058 | Zig:23   | Noticed a royal mummy
 63059 | Zig:23   | Noticed a royal mummy
 63060 | Zig:23   | Noticed a royal mummy
 63062 | Zig:23   | Killed a royal mummy
 63062 | Zig:23   | Killed a royal mummy
 63062 | Zig:23   | Killed a royal mummy
 63064 | Zig:23   | Found the +2 Maxwell's thermic engine {flame, freeze}
 63065 | Zig:23   | Killed a royal mummy
 63065 | Zig:23   | Killed a royal mummy
 63065 | Zig:23   | Killed a royal mummy
 63065 | Zig:23   | Killed a royal mummy
 63065 | Zig:23   | Killed a royal mummy
 63066 | Zig:23   | Killed a royal mummy
 63265 | Zig:23   | Identified the Disquisition on Snow
 63325 | Zig:24   | Entered Level 24 of a ziggurat
 63536 | Zig:24   | Identified the Collected Works on Damaging Stones
 63543 | Zig:24   | Got a twitching wooden ring
 63608 | Zig:24   | Identified the ring "Kopeg" {rPois rC- Dex+2 SInv} (You
                  | found it on level 24 of a ziggurat)
 63613 | Zig:25   | Entered Level 25 of a ziggurat
 63735 | Zig:25   | Identified the Incunabulum of Supportive Ice
 63962 | Zig:25   | Acquired 1180 gold pieces
 63972 | Zig:26   | Entered Level 26 of a ziggurat
 64056 | Zig:26   | Noticed Jemea the pandemonium lord
 64062 | Zig:26   | Killed Jemea the pandemonium lord
 64323 | Zig:26   | Found the +4 moon troll leather armour {Spirit, Regen++
                  | MP+5}
 64372 | Zig:26   | Got jewelled pearl dragon scales
 64392 | Zig:26   | Identified the +9 pearl dragon scales of Absence {Rampage
                  | rN+ Int+5 Dex-3} (You found it on level 26 of a ziggurat)
 64393 | Zig:27   | Entered Level 27 of a ziggurat
 64539 | Zig:27   | Identified the Collected Works on Virous Stones
 64558 | Zig:27   | Identified the Almanac of the Entourage
 64561 | Zig:27   | Got a sparkling jade ring
 64677 | Zig:27   | Identified the ring "Ajeurhegi" {Str+3 Stlth-} (You found
                  | it on level 27 of a ziggurat)
 64680 | Zig:27   | Got a brightly glowing demon blade
 64681 | Zig:27   | Identified the +4 demon blade of the Morning {pain, rElec
                  | rPois rF+ Dex-3} (You found it on level 27 of a ziggurat)
 66444 | Zig:1    | Entered Level 1 of a ziggurat
 66469 | Zig:2    | Entered Level 2 of a ziggurat
 66497 | Zig:3    | Entered Level 3 of a ziggurat
 66528 | Zig:4    | Entered Level 4 of a ziggurat
 66604 | Zig:5    | Entered Level 5 of a ziggurat
 66608 | Zig:5    | Noticed an ancient lich
 66609 | Zig:5    | Noticed an ancient lich
 66610 | Zig:5    | Found the +3 pair of gauntlets of War {Slay+5}
 66613 | Zig:5    | Killed an ancient lich
 66614 | Zig:5    | Killed an ancient lich
 66667 | Zig:6    | Entered Level 6 of a ziggurat
 66671 | Zig:6    | Found the +5 sword of Power {vorpal}
 66769 | Zig:7    | Entered Level 7 of a ziggurat
 66864 | Zig:7    | Got a twitching wooden ring
 66874 | Zig:8    | Entered Level 8 of a ziggurat
 66970 | Zig:9    | Entered Level 9 of a ziggurat
 66979 | Zig:9    | Noticed an ancient lich
 66980 | Zig:9    | Noticed an ancient lich
 66981 | Zig:9    | Noticed an ancient lich
 66989 | Zig:9    | Killed an ancient lich
 66989 | Zig:9    | Killed an ancient lich
 66990 | Zig:9    | Reached skill level 27 in Air Magic
 66990 | Zig:9    | Killed an ancient lich
 67049 | Zig:9    | Got a smoking pewter ring
 67092 | Zig:10   | Entered Level 10 of a ziggurat
 67100 | Zig:10   | Noticed a Killer Klown
 67100 | Zig:10   | Noticed a Killer Klown
 67101 | Zig:10   | Noticed Umuukheu the pandemonium lord
 67119 | Zig:10   | Killed a Killer Klown
 67122 | Zig:10   | Noticed Keuny the pandemonium lord
 67125 | Zig:10   | Killed Umuukheu the pandemonium lord
 67129 | Zig:10   | Noticed Axov the pandemonium lord
 67135 | Zig:10   | Killed a Killer Klown
 67135 | Zig:10   | Killed Keuny the pandemonium lord
 67136 | Zig:10   | Reached skill level 5 in Stealth
 67145 | Zig:10   | Killed Axov the pandemonium lord
 67232 | Zig:11   | Entered Level 11 of a ziggurat
 67238 | Zig:11   | Noticed a juggernaut
 67251 | Zig:11   | Killed a juggernaut
 67270 | Zig:11   | Found the ring of the Mage {Wiz Will++ Int+3}
 67317 | Zig:11   | Identified Sif Muna's Papyrus of Poisonous Enchantment
 67327 | Zig:11   | Identified the Disquisition on Confrontation and Toxins
 67385 | Zig:12   | Entered Level 12 of a ziggurat
 67392 | Zig:12   | Noticed an ancient lich
 67393 | Zig:12   | Noticed an ancient lich
 67394 | Zig:12   | Noticed an ancient lich
 67395 | Zig:12   | Found the cursed +14 obsidian axe {vorpal, +Fly SInv
                  | *Curse}
 67397 | Zig:12   | Killed an ancient lich
 67399 | Zig:12   | Killed an ancient lich
 67412 | Zig:12   | Killed an ancient lich
 67509 | Zig:12   | Got a sparkling turquoise ring
 67555 | Zig:13   | Entered Level 13 of a ziggurat
 67614 | Zig:13   | Identified The Papyrus of Greatest Risks and Utility
 67678 | Zig:13   | Got a pair of faintly humming boots
 67686 | Zig:14   | Entered Level 14 of a ziggurat
 67818 | Zig:14   | Identified the ring "Orghar" {rN+ SInv} (You found it on
                  | level 7 of a ziggurat)
 67829 | Zig:14   | Identified the cursed +0 pair of boots of Time Monsters
                  | {Int+4} (You found it on level 13 of a ziggurat)
 67863 | Zig:14   | Got a shimmering brass ring
 67871 | Zig:14   | Identified the ring "Poguet" {+Fly rF+++ Str-5 Int+3} (You
                  | found it on level 9 of a ziggurat)
 67875 | Zig:14   | Got a coiled amethyst amulet
 67878 | Zig:14   | Identified the amulet "Fits" {Faith rF++} (You found it on
                  | level 14 of a ziggurat)
 67881 | Zig:14   | Identified the ring of Pereab {Wiz +Blink} (You found it on
                  | level 12 of a ziggurat)
 67884 | Zig:14   | Identified the ring of Abstinence {Ice Str+3} (You found it
                  | on level 14 of a ziggurat)
 67896 | Zig:15   | Entered Level 15 of a ziggurat
 67906 | Zig:15   | Noticed a Killer Klown
 67906 | Zig:15   | Noticed a Killer Klown
 67907 | Zig:15   | Noticed Sutt the pandemonium lord
 67909 | Zig:15   | Noticed Suniutz the pandemonium lord
 67909 | Zig:15   | Noticed a Killer Klown
 67909 | Zig:15   | Noticed Mynunav the pandemonium lord
 67915 | Zig:15   | Killed Sutt the pandemonium lord
 67915 | Zig:15   | Noticed a Killer Klown
 67916 | Zig:15   | Reached skill level 1 in Axes
 67919 | Zig:15   | Noticed Hegat the pandemonium lord
 67924 | Zig:15   | Noticed Caase the pandemonium lord
 67927 | Zig:15   | Cast into level 3 of the Abyss (Killer Klown)
 68192 | Abyss:3  | Got an abyssal rune of Zot
 68260 | Zig:15   | Escaped the Abyss
 68260 | Zig:15   | Noticed a Killer Klown
 68260 | Zig:15   | Noticed Puoxaska the pandemonium lord
 68260 | Zig:15   | Noticed Wyobbyle the pandemonium lord
 68262 | Zig:15   | Noticed a Killer Klown
 68262 | Zig:15   | Noticed a Killer Klown
 68266 | Zig:15   | Noticed Kikhat the pandemonium lord
 68268 | Zig:15   | Killed a Killer Klown
 68269 | Zig:15   | Reached skill level 10 in Stealth
 68285 | Zig:15   | Reached skill level 1 in Evocations
 68305 | Zig:15   | Noticed a Killer Klown
 68311 | Zig:15   | Killed Hegat the pandemonium lord
 68347 | Zig:15   | Demolished by Mynunav the pandemonium lord

Illustrated notes

Levels and vault maps discovered:
D:1:      dpeg_arrival_rooms_b, layout_loops_ring
D:2:      layout_loops_cross, uniq_robin, uniq_sigmund
D:3:      kennysheep_six_static_rooms, layout_basic,
          gammafunk_temple_overflow_claw, old_standard_altar,
          kennysheep_generic_room_15
D:4:      layout_rooms
D:5:      layout_basic, gup_sewer_entry_glass, kennysheep_nondescript,
          minivault_26, roderic_lattice_a, uniq_pikel
D:6:      layout_rooms, st_stairs_3
D:7:      layout_cave_pools, temple_pool_b, chequers_mini_garden
D:8:      layout_loops_ring, amcnicky_mini_pool_small
D:9:      kennysheep_steamy, layout_irregular_city, serial_rivers,
          chequers_serial_rivers_micro_c, chequers_serial_rivers_large_b,
          chequers_serial_rivers_small_b, chequers_serial_rivers_room_a,
          uniq_erolcha
D:10:     layout_rooms, grunt_lair_entry_orc_guard_hut, david_orc_5,
          mrwooster_statue_mirror, hangedman_decor_lopped, uniq_urug
D:11:     layout_loops_ring, uniq_nergalle
D:12:     layout_roguey, portal_ice_cave_rime
D:13:     layout_loops_corners, erik_vaults_1, basic_altar,
          nicolae_trove_entry_free_sample, uniq_maurice
D:14:     layout_irregular_city, serial_bayou_pond_d, serial_shops,
          nicolae_shop_temple_entry_statues_fountains,
          nicolae_shop_behind_doors, nicolae_shop_waterfront,
          nicolae_shop_statue_plus, shop, kennysheep_decorative_pillar,
          uniq_nessos
D:15:     grunt_enter_depths_hoard, layout_basic, minivault_26, uniq_agnes,
          uniq_kirke
Temple:   eino_narrow_crystal_temple
Lair:1:   layout_cave_pods, grunt_megastairs_4, uniq_erica
Lair:2:   gammafunk_lair_enchanted_lake, layout_chaotic_city,
          beast_lair_carwin_1
Lair:3:   layout_cave_shapes
Lair:4:   layout_concentric_octagons, elwin_shoals_entry_rocks,
          spider_nest_entry_rubble, serial_bayou_lagoon_a,
          amcnicky_altar_gilded, lemuel_fruit_fields, lemuel_fruit_tree,
          uniq_josephine
Lair:5:   layout_roguey, slime_altar_1, nicolae_volcano_entry_vermiform,
          basic_altar, gauntlet_entry_generic, minmay_lair_oklob_chamber
Lair:6:   grunt_lair_end_beastmaster, layout_cellular_growth
Shoals:1: cheibrodos_shoals_satyrical_garden, layout_shoals, serial_shops,
          nicolae_shop_trees
Shoals:2: layout_shoals, ldierk_geyser, hangedman_shoals_cup_caves,
          uniq_polyphemus
Shoals:3: layout_shoals, nicolae_shoals_isolated_beach
Shoals:4: shoals_end_hangedman, layout_shoals, nicolae_shoals_dead_sea_scrolls
Spider:1: layout_chambers, gammafunk_ghost_split, uniq_azrael
Spider:2: layout_chambers, nicolae_spider_cling_halls
Spider:3: layout_spider_delve
Spider:4: grunt_spider_rune_circles, uniq_aizul
Orc:1:    layout_caves, gammafunk_ghost_split, basic_altar,
          nicolae_orc_tapped_out, uniq_gastronok
Orc:2:    st_orc_open, layout_caves, bh_open_orc_temple, uniq_donald
Elf:1:    layout_geoelf_grid, serial_shops, bzr_entry_water,
          kennysheep_underground_church, minivault_23, uniq_asterion
Elf:2:    layout_geoelf_octagon, serial_shops, shop, hex_tiny, minivault_16,
          uniq_louise
Elf:3:    elf_hall_gauntlet_narrow, layout_geoelf_octagon, st_stairs_5,
          minmay_misc_feat_diagonals, small_statue_intersection,
          corexii_hall_statues_i
Vaults:1: nicolae_vaults_triangles, v_misc_10, nicolae_vaults_hallways_thing,
          hangedman_vaults_nails, ontoclasm_vaults_ligature,
          hangedman_vaults_restitches, vaults_room_hallway,
          hangedman_vaults_nails, ontoclasm_vaults_eye, layout_vaults_omnigrid
Vaults:2: hangedman_vaults_variations, vaults_room_door_hall,
          nicolae_vaults_circle_grid_a, vaults_room_corners,
          nicolae_vaults_network_s, v_misc_15, ontoclasm_vaults_bender,
          vaults_room_door_hall, st_quartered_hall, dpeg_vaults_monster_box,
          hangedman_vaults_impose, nicolae_vaults_little_squares_3,
          vaults_room_stairs_pillars, vaults_room_hallway, layout_vaults_ring,
          serial_shops, nicolae_shop_crystal, uniq_margery
Vaults:3: minmay_guarded_unrand_guard_vaults, minmay_crypt_entry_simple_box,
          hangedman_vaults_restitches, v_alt_pattern_5, vaults_room_fours,
          dpeg_vaults_monster_row, nicolae_vaults_ninety_degrees, v_misc_25,
          v_misc_13, nicolae_vaults_border_crossing, ontoclasm_vaults_pinch,
          layout_vaults_omnicross, serial_shops, shop_statue
Vaults:4: v_misc_10, st_squares, vaults_room_semicircle, v_rooms_4, v_pattern_4,
          v_misc_9, v_rooms_1, v_misc_18, nicolae_vaults_diagonal_hallway_8,
          v_misc_14, layout_vaults_maze_bifur
Vaults:5: uniq_jory, uniq_mara
Crypt:1:  lemuel_minitomb, layout_gridlike, grunt_crypt_arrival_split
Crypt:2:  layout_chaotic_city, lemuel_freeze_loot_1
Crypt:3:  evilmike_haunted_forest, uniq_saint_roka
Tomb:1
Tomb:2
Tomb:3
Zig:15:   ziggurat_pillar_abc, ziggurat_pillar_abc, ziggurat_pillar_abc,
          ziggurat_pillar_abc

Skill      XL: |  1  2  3  4  5  6  7  8  9 10 11 12 13 14 15 16 17 18 19 20 21 22 23 24 25 26 27 |
---------------+----------------------------------------------------------------------------------+-----
Conjurations   | 4 5 6 13 | 13.5
Spellcasting   | 4 7 8 9 13 16 17 19 | 19.0
Fighting       | 1 2 3 5 6 7 8 10 12 16 | 16.8
Armour         | 1 2 3 5 6 7 8 10 12 16 | 16.8
Poison Magic   | 3 4 |  4.0
Fire Magic     | 2 4 5 |  5.0
Air Magic      | 1 3 4 27 | 27.0
Necromancy     | 2 7 11 12 14 17 19 21 | 21.0
Shields        | 3 9 12 15 16 17 18 24 | 24.0
Earth Magic    | 2 11 12 13 16 18 19 22 25 27 | 27.0
Dodging        | 3 5 7 9 10 13 | 13.5
Transmutations | 1 8 11 15 18 19 | 19.0
Bows           | 10 | 10.0
Ice Magic      | 10 | 10.3
Stealth        | 10 | 10.1
Axes           | 3 |  3.6
Evocations     | 1 |  1.2
Throwing       | |  0.1

Action                   |  1- 3 |  4- 6 |  7- 9 | 10-12 | 13-15 | 16-18 | 19-21 | 22-24 | 25-27 || total
-------------------------+-------+-------+-------+-------+-------+-------+-------+-------+-------++-------
Melee: Dagger            |     7 |       |       |       |       |       |       |       |       ||     7
       Spear             |    24 |    59 |    13 |       |       |       |       |       |       ||    96
       Trident           |       |       |   110 |   407 |   117 |       |       |       |       ||   634
       Glaive            |       |       |       |       |   451 |   469 |   530 |   661 |   273 ||  2384
       Scimitar          |       |       |       |       |       |    10 |       |       |       ||    10
       Kick              |       |       |       |       |       |    15 |    48 |    13 |       ||    76
       Quarterstaff      |       |       |       |       |       |       |       |       |    83 ||    83
       Staff             |       |       |       |       |       |       |       |       |   454 ||   454
       Great sword       |       |       |       |       |       |       |       |       |    36 ||    36
       Great mace        |       |       |       |       |       |       |       |       |    15 ||    15
       Broad axe         |       |       |       |       |       |       |       |       |     1 ||     1
 Fire: Hunting sling     |       |    59 |   121 |       |       |    37 |       |       |       ||   217
       Longbow           |       |       |       |       |       |       |       |       |    40 ||    40
Throw: Javelin           |       |       |       |       |       |       |       |       |     8 ||     8
 Cast: Magic Dart        |    38 |    33 |    17 |     9 |       |     1 |       |       |       ||    98
       Searing Ray       |     1 |    30 |    29 |    10 |       |    10 |       |       |       ||    80
       Mephitic Cloud    |       |       |    19 |    39 |     8 |     3 |     9 |     7 |     1 ||    86
       Conjure Flame     |       |       |    21 |    58 |    18 |    10 |    22 |     5 |     1 ||   135
       Sublimation of Bl |       |       |     1 |     7 |    28 |    83 |    46 |    46 |   101 ||   312
       Vampiric Draining |       |       |       |     7 |    15 |     7 |     9 |       |       ||    38
       Borgnjor's Vile C |       |       |       |    16 |   236 |   360 |   301 |   309 |   433 ||  1655
       Dispel Undead     |       |       |       |       |     6 |     1 |    16 |    68 |    59 ||   150
       Statue Form       |       |       |       |       |       |    14 |    18 |     8 |       ||    40
       Bolt of Magma     |       |       |       |       |       |     1 |     2 |       |    18 ||    21
       Necromutation     |       |       |       |       |       |       |       |    24 |   114 ||   138
       Shatter           |       |       |       |       |       |       |       |       |   216 ||   216
       Tornado           |       |       |       |       |       |       |       |       |     9 ||     9
       Ozocubu's Armour  |       |       |       |       |       |       |       |       |     7 ||     7
Invok: Receive Necronomi |       |       |       |       |     1 |       |       |       |       ||     1
       Renounce Religion |       |       |       |       |     1 |       |       |       |       ||     1
       Potion Petition   |       |       |       |       |       |       |     2 |       |    33 ||    35
       Call Merchant     |       |       |       |       |       |       |       |       |     2 ||     2
 Abil: Dig               |     1 |    10 |    29 |    57 |    43 |    48 |    18 |    18 |     6 ||   230
       End Transformatio |       |       |       |       |       |     5 |     3 |     6 |    31 ||    45
Evoke: Wand              |       |       |     5 |       |       |       |       |       |    43 ||    48
       Tin of tremorston |       |       |       |       |       |     1 |       |       |       ||     1
       Lightning rod     |       |       |       |       |       |       |       |       |     4 ||     4
       Box of beasts     |       |       |       |       |       |       |       |       |     2 ||     2
       Figurine of a zig |       |       |       |       |       |       |       |       |     2 ||     2
       Condenser vane    |       |       |       |       |       |       |       |       |     2 ||     2
       Phantom mirror    |       |       |       |       |       |       |       |       |     1 ||     1
  Use: Scroll            |     1 |     4 |     4 |     2 |     9 |    13 |     1 |     3 |    41 ||    78
       Potion            |       |       |     9 |     1 |     1 |     4 |       |     1 |    40 ||    56
 Stab: Sleeping          |     1 |     2 |       |     3 |       |       |       |     2 |       ||     8
       Confused          |       |       |     6 |    27 |     3 |     1 |     1 |     1 |     3 ||    42
       Distracted        |       |       |       |     1 |     2 |     5 |    10 |     5 |    35 ||    58
       Invisible         |       |       |       |       |       |     4 |       |       |     1 ||     5
Armor: Robe              |     4 |    17 |    53 |    82 |       |       |       |       |       ||   156
       Troll leather arm |       |       |       |     1 |   270 |   279 |   276 |   345 |   435 ||  1606
       Leather armour    |       |       |       |       |     4 |     6 |       |       |       ||    10
       Skin              |       |       |       |       |       |   141 |   350 |    56 |       ||   547
       Pearl dragon scal |       |       |       |       |       |       |       |       |    15 ||    15
Dodge: Dodged            |    17 |    68 |    98 |   104 |   312 |   570 |   671 |   477 |  1018 ||  3335
       Repelled          |       |       |       |       |       |       |       |       |    16 ||    16
Block: Buckler           |       |       |       |    38 |     9 |       |       |       |       ||    47
       Kite shield       |       |       |       |       |   325 |   459 |   550 |   219 |       ||  1553
       Reflection        |       |       |       |       |    17 |    26 |    34 |    55 |       ||   132
       Tower shield      |       |       |       |       |       |       |       |   573 |  2016 ||  2589
       Rpst.: Scimitar   |       |       |       |       |       |     1 |       |       |       ||     1
       Great sword       |       |       |       |       |       |       |       |       |     3 ||     3
